[Event "AICF Women GM 2018"]
[Site "Mumbai"]
[Date "2018.06.15"]
[Round "6"]
[White "Divya Deshmukh"]
[Black "Srija, Seshadri"]
[Result "0-1"]
[ECO "C58"]
[WhiteElo "2138"]
[BlackElo "2207"]
[Annotator "NA"]
[PlyCount "54"]
[EventDate "2018.??.??"]
[EventType "tourn"]
[EventCountry "IND"]
[SourceTitle "playchess.com"]
[Source "ChessBase"]
[SourceQuality "1"]
[TimeControl "40/5400+30:1800+30"]

1. e4 e5 2. Nf3 Nc6 3. Bc4 Nf6 4. Ng5 d5 5. exd5 Na5 6. Bb5+ c6 7. dxc6 bxc6 8. Qf3 Be7 9. Ne4 Nd5 10. Ba4 O-O 11. Nec3 $11 f5 12. Bxc6 Nb4 13. Bxa8 Nxc2+ 14. Kd1 e4 15. Qe2 Nb4 16. a3 Ba6 17. Qe3 Nd3 18. Bd5+ Kh8 19. Qxa7 Bb7 20. Bxb7 Bc5 21. Qa6 Nxf2+ 22. Ke2 Qg5 23. d4 Qxg2 24. Bd5 Nd3+ 25. Kd1 Qxh1+ 26. Kd2 Qe1+ 27. Kc2 Qxc1# 0-1

[Event "AICF Women GM 2018"]
[Site "Mumbai"]
[Date "2018.06.16"]
[Round "7"]
[White "Nakhbayeva, Guliskhan"]
[Black "Zozulia, Anna"]
[Result "1/2-1/2"]
[ECO "A42"]
[WhiteElo "2323"]
[BlackElo "2314"]
[Annotator "NA"]
[PlyCount "90"]
[EventDate "2018.??.??"]
[EventType "tourn"]
[EventCountry "IND"]
[SourceTitle "playchess.com"]
[Source "ChessBase"]
[SourceQuality "1"]
[TimeControl "40/5400+30:1800+30"]

1. d4 d6 2. e4 g6 3. c4 Bg7 4. Nc3 Nc6 5. d5 Nd4 6. Be3 e5 7. Nge2 Nxe2 8. Bxe2 f5 9. exf5 gxf5 10. Bh5+ Kf8 11. f4 e4 12. O-O Nf6 13. Be2 b6 14. Rc1 Kf7 15. b4 a5 16. a3 axb4 17. axb4 Rf8 18. c5 bxc5 19. bxc5 Ba6 20. h3 Kg8 21. Bxa6 Rxa6 22. c6 Ra3 23. Bd4 Qe7 24. Ra1 Rfa8 25. Rxa3 Rxa3 26. Qb1 Ne8 27. Nb5 Ra5 28. Bxg7 Qxg7 29. Kh2 h5 30. Rg1 Nf6 31. Qb4 Ra2 32. Qc4 Rd2 33. Nxd6 Rd4 34. Qb3 cxd6 35. Qb8+ Kh7 36. c7 Ng4+ 37. hxg4 Qxg4 38. Qd8 Qxf4+ 39. Kh1 e3 40. Rc1 e2 41. Qe7+ Kg6 42. Qe6+ Kg7 43. Qe7+ Kg6 44. Qe6+ Kg7 45. Qe7+ Kg6 1/2-1/2

[Event "AICF Women GM 2018"]
[Site "Mumbai"]
[Date "2018.06.16"]
[Round "7"]
[White "Monnisha G K"]
[Black "Divya Deshmukh"]
[Result "1-0"]
[ECO "B28"]
[WhiteElo "2295"]
[BlackElo "2138"]
[Annotator "NA"]
[PlyCount "71"]
[EventDate "2018.??.??"]
[EventType "tourn"]
[EventCountry "IND"]
[SourceTitle "playchess.com"]
[Source "ChessBase"]
[SourceQuality "1"]
[TimeControl "40/5400+30:1800+30"]

1. e4 c5 2. Nf3 a6 3. c4 e6 4. Nc3 Qc7 5. d4 cxd4 6. Nxd4 Nf6 7. a3 g6 8. Be3 Bg7 9. Be2 O-O 10. O-O d6 11. Rc1 Nbd7 12. f3 b6 13. Qd2 Bb7 14. b4 $16 Rad8 15. Nb3 Qb8 16. Rfd1 d5 17. exd5 exd5 18. cxd5 Rfe8 19. Bf2 Nh5 20. Bd4 Ndf6 21. Bxb6 Bxd5 22. Bxd8 Bxb3 23. Qd6 Qa8 24. Bc7 Bxd1 25. Rxd1 Rc8 26. Qb6 Bf8 27. f4 Re8 28. Be5 Re6 29. Qd4 Ne8 30. Bf3 Qc8 31. Bg4 f5 32. Be2 Nhf6 33. Bc4 Kf7 34. Bxf6 Nxf6 35. Re1 Ne4 36. Nxe4 1-0

[Event "AICF Women GM 2018"]
[Site "Mumbai"]
[Date "2018.06.16"]
[Round "7"]
[White "Vantika Agrawal"]
[Black "Aakanksha Hagawane"]
[Result "1/2-1/2"]
[ECO "A05"]
[WhiteElo "2279"]
[BlackElo "2297"]
[Annotator "NA"]
[PlyCount "48"]
[EventDate "2018.??.??"]
[EventType "tourn"]
[EventCountry "IND"]
[SourceTitle "playchess.com"]
[Source "ChessBase"]
[SourceQuality "1"]
[TimeControl "40/5400+30:1800+30"]

1. Nf3 Nf6 2. g3 g6 3. Bg2 Bg7 4. O-O d5 5. d4 O-O 6. c4 dxc4 7. Na3 c3 8. bxc3 c5 9. Ne5 Nc6 10. Nac4 Be6 11. Nxc6 bxc6 12. Qd3 $11 {[%emt 0:10:05] LiveBook: 3 Games} Nd5 13. Ba3 cxd4 14. cxd4 Qd7 15. Rfd1 Nb6 16. Na5 Bd5 17. e4 Be6 18. Rac1 Rac8 19. Nb3 Rfd8 20. Bb2 Na4 21. Ba3 Nb6 22. Bb2 Na4 23. Ba3 Nb6 24. Bb2 Na4 1/2-1/2

[Event "AICF Women GM 2018"]
[Site "Mumbai"]
[Date "2018.06.16"]
[Round "7"]
[White "Srija, Seshadri"]
[Black "Tokhirjonova, Gulrukhbegim"]
[Result "0-1"]
[ECO "C77"]
[WhiteElo "2207"]
[BlackElo "2379"]
[Annotator "NA"]
[PlyCount "122"]
[EventDate "2018.??.??"]
[EventType "tourn"]
[EventCountry "IND"]
[SourceTitle "playchess.com"]
[Source "ChessBase"]
[SourceQuality "1"]
[TimeControl "40/5400+30:1800+30"]

1. e4 e5 2. Nf3 Nc6 3. Bb5 a6 4. Ba4 Nf6 5. d3 d6 6. c3 Be7 7. O-O O-O 8. Re1 Re8 9. Nbd2 Bf8 10. Nf1 h6 11. Ng3 b5 12. Bc2 d5 13. h3 Be6 14. Be3 $11 Bd6 15. Nh4 Ng4 16. hxg4 Qxh4 17. Nf5 Bxf5 18. gxf5 d4 19. Bd2 Bc5 20. Qf3 Red8 21. g3 Qf6 22. Bb3 Rab8 23. Rac1 dxc3 24. bxc3 Na5 25. Bc2 b4 26. Red1 b3 27. axb3 Nxb3 28. Bxb3 Rxb3 29. Rc2 a5 30. Be3 Bb6 31. Qe2 a4 32. d4 exd4 33. cxd4 Bxd4 34. Rcd2 Rb4 35. Bxd4 Rbxd4 36. e5 Rxd2 37. exf6 Rxe2 38. Rxd8+ Kh7 39. Ra8 Re4 40. Ra7 Rc4 41. Kg2 g6 42. Ra5 gxf5 43. Rxf5 c5 44. Rf3 Rb4 45. Rc3 c4 46. Kh3 Kg6 47. Kg4 Kxf6 48. Kf4 Rb6 49. Rxc4 Ra6 50. Rc2 a3 51. Ra2 Ra4+ 52. Ke3 Kg5 53. f3 f5 54. Kf2 h5 55. Ke3 Ra7 56. Kf2 f4 57. Kg2 fxg3 58. Kxg3 h4+ 59. Kg2 Kf4 60. Kh3 Kxf3 61. Kxh4 Ke3 0-1

[Event "AICF Women GM 2018"]
[Site "Mumbai"]
[Date "2018.06.16"]
[Round "7"]
[White "Rakshitta Ravi"]
[Black "Tomilova, Elena"]
[Result "0-1"]
[ECO "B18"]
[WhiteElo "2067"]
[BlackElo "2334"]
[Annotator "NA"]
[PlyCount "134"]
[EventDate "2018.??.??"]
[EventType "tourn"]
[EventCountry "IND"]
[SourceTitle "playchess.com"]
[Source "ChessBase"]
[SourceQuality "1"]
[TimeControl "40/5400+30:1800+30"]

1. e4 c6 2. d4 d5 3. Nc3 dxe4 4. Nxe4 Bf5 5. Ng3 Bg6 6. h4 h6 7. Nh3 Nf6 8. Nf4 Bh7 9. Bc4 e6 10. O-O Bd6 11. Re1 O-O 12. c3 Na6 13. Ngh5 Nc7 14. g3 Ncd5 15. Qf3 Nxf4 16. Bxf4 Bxf4 17. Nxf4 Qb6 18. Nd3 Bf5 19. Ne5 h5 20. Qe2 Rad8 21. Rad1 c5 22. dxc5 Qxc5 23. Qf3 Ng4 24. Rxd8 Rxd8 25. Nxg4 Bxg4 26. Qf4 Qb6 27. b3 Qc6 28. Qe4 Qd7 29. Be2 Bf5 30. Qe3 Qc6 31. Bf3 Qa6 32. Qe2 Qa5 33. b4 Qa3 34. Qc4 g6 35. Bxb7 Rd3 36. Be4 Rxc3 37. Qb5 Rxg3+ 38. fxg3 Qxg3+ 39. Kf1 Bxe4 40. Rxe4 Qf3+ 41. Kg1 Qxe4 42. Qb8+ Kg7 43. Qxa7 Qxb4 44. a4 Qe1+ 45. Kg2 Qe2+ 46. Kg1 Qg4+ 47. Kf1 Qf3+ 48. Kg1 e5 49. a5 e4 50. a6 Qg3+ 51. Kh1 Qxh4+ 52. Kg1 Qe1+ 53. Kh2 Qd2+ 54. Kh3 e3 55. Qe7 e2 56. Qe5+ Kh7 57. a7 e1=R 58. Qxe1 Qxe1 59. a8=Q Qe3+ 60. Kh2 Qf4+ 61. Kh1 g5 62. Qc6 g4 63. Qc2+ Kg7 64. Qb2+ Qf6 65. Qd2 h4 66. Qd7 Qf1+ 67. Kh2 g3# 0-1

[Event "AICF Women GM 2018"]
[Site "Mumbai"]
[Date "2018.06.17"]
[Round "8"]
[White "Tokhirjonova, Gulrukhbegim"]
[Black "Monnisha G K"]
[Result "0-1"]
[ECO "C58"]
[WhiteElo "2379"]
[BlackElo "2295"]
[Annotator "ChessBase"]
[PlyCount "156"]
[EventDate "2018.??.??"]
[EventType "tourn"]
[EventCountry "IND"]
[SourceTitle "playchess.com"]
[Source "ChessBase"]
[SourceQuality "1"]
[TimeControl "40/5400+30:1800+30"]

1. e4 e5 2. Nf3 Nc6 3. Bc4 Nf6 4. Ng5 d5 5. exd5 Na5 6. Bb5+ c6 7. dxc6 bxc6 8. Bd3 Nd5 9. h4 Be7 10. Qf3 f5 11. Bxf5 Rf8 12. Qh5+ g6 13. Bxg6+ hxg6 14. Qxg6+ Kd7 15. d3 Kc7 16. Bd2 Nb7 17. Nc3 Qd6 18. Qe4 Nc5 19. Qe2 Nf4 20. Bxf4 Rxf4 21. g3 Rb4 22. O-O-O Rab8 23. Nf7 Qf6 24. Qxe5+ Qxe5 25. Nxe5 Bf6 26. f4 Rxb2 27. h5 Bf5 28. Kd2 Bxe5 29. fxe5 Bxd3 30. Ke3 Bxc2 31. Rd2 Bh7 32. Rxb2 Rxb2 33. Rf1 Bg8 34. Rf8 Be6 35. Kd4 Rb4+ 36. Ke3 Rg4 37. Kf2 Nd3+ 38. Kg2 Rg7 39. Rf6 Kd7 40. h6 Rh7 41. g4 Nxe5 42. g5 Rf7 43. Rf2 Bd5+ 44. Kg3 Rxf2 45. Kxf2 Nf7 46. h7 Nh8 47. Ke3 Kd6 48. Kf4 Ke6 49. a3 Bb3 50. Ne4 Bc2 51. Nf6 Nf7 52. Ke3 Kd6 53. Kd4 c5+ 54. Kc4 Nh8 55. Ne8+ Kc6 56. Nf6 Bf5 57. Kc3 Kb5 58. Kb3 c4+ 59. Kc3 Kc5 60. Ne8 Bxh7 61. Nc7 Bd3 62. Ne6+ Kb5 63. Nf4 Ka4 64. Kb2 Ng6 65. Ne6 Kb5 66. Kc3 Ne5 67. Nf4 Ka4 68. Kb2 Bh7 69. Ne6 Bg8 70. Nc5+ Kb5 71. Ne4 Bh7 72. Nf6 Bg6 73. Nd5 Kc5 74. Nc7 Kd4 75. Nb5+ Kd3 76. Nxa7 c3+ 77. Kc1 Kc4 78. Nc8 Kb3 0-1

[Event "AICF Women GM 2018"]
[Site "Mumbai"]
[Date "2018.06.17"]
[Round "8"]
[White "Vo, Thi Kim Phung"]
[Black "Srija, Seshadri"]
[Result "1/2-1/2"]
[ECO "D31"]
[WhiteElo "2376"]
[BlackElo "2207"]
[Annotator "ChessBase"]
[PlyCount "122"]
[EventDate "2018.??.??"]
[EventType "tourn"]
[EventCountry "IND"]
[SourceTitle "playchess.com"]
[Source "ChessBase"]
[SourceQuality "1"]
[TimeControl "40/5400+30:1800+30"]

1. d4 d5 2. c4 e6 3. Nc3 c6 4. e4 dxe4 5. Nxe4 Bb4+ 6. Nc3 c5 7. a3 Ba5 8. Nge2 cxd4 9. Qxd4 Qxd4 10. Nxd4 Bxc3+ 11. bxc3 a6 12. Be2 Ne7 13. Be3 Nbc6 14. Nxc6 Nxc6 15. Bc5 Bd7 16. Rb1 Nd8 17. O-O Bc6 18. Rfe1 Rc8 19. Bd6 f6 20. c5 Bd5 21. Rbd1 Bb3 22. Rd2 Nf7 23. c4 Nxd6 24. cxd6 Kd7 25. Rb2 Bxc4 26. Bxc4 Rxc4 27. Rxb7+ Kxd6 28. Rb6+ Rc6 29. Rxe6+ Kxe6 30. Rxc6+ Kf7 31. Rxa6 Rb8 32. g3 Rb3 33. Kg2 h5 34. h4 Kg6 35. Kf1 Rb2 36. Ra7 Kh6 37. Re7 Ra2 38. Re3 Kg6 39. Rf3 Kf7 40. Ke1 Ke6 41. Kd1 g5 42. Kc1 gxh4 43. gxh4 Ke5 44. Kd1 f5 45. Ke1 Ke4 46. Re3+ Kf4 47. Rg3 Ke4 48. Kf1 f4 49. Rb3 Kf5 50. f3 Ke5 51. Rd3 Rb2 52. Ke1 Ra2 53. Kd1 Rh2 54. Kc1 Rxh4 55. a4 Rh1+ 56. Kb2 Rg1 57. Rd8 Rg7 58. Rh8 Kd4 59. Rxh5 Ke3 60. a5 Kxf3 61. Kc3 Kg2 1/2-1/2

[Event "AICF Women GM 2018"]
[Site "Mumbai"]
[Date "2018.06.17"]
[Round "9"]
[White "Nakhbayeva, Guliskhan"]
[Black "Tomilova, Elena"]
[Result "1-0"]
[ECO "D25"]
[WhiteElo "2323"]
[BlackElo "2334"]
[Annotator "NA"]
[PlyCount "95"]
[EventDate "2018.??.??"]
[EventType "tourn"]
[EventCountry "IND"]
[SourceTitle "playchess.com"]
[Source "ChessBase"]
[SourceQuality "1"]
[TimeControl "40/5400+30:1800+30"]

1. d4 d5 2. c4 dxc4 3. Nf3 Nf6 4. e3 Bg4 5. Bxc4 e6 6. Qb3 Bxf3 7. gxf3 Nbd7 8. Nc3 Nb6 9. Be2 {[%emt 0:02:11] LiveBook: 27 Games} c6 {[%emt 0:05:36] D25: Queen's Gambit Accepted: 4 e3: sidelines and 4...Bg4} 10. Bd2 Be7 (10... g6 11. h4 h5 12. O-O-O Be7 13. Kb1 Qd7 14. Bc1 O-O-O 15. e4 Kb8 16. Bf4+ Ka8 17. Be3 {1-0 (38) Nisipeanu,L (2652)-Stevic,H (2605) Austria 2014}) 11. O-O-O $146 ({Predecessor:} 11. Ne4 Qd5 12. Qc2 g6 13. Nc5 Rb8 14. b4 O-O 15. Bc3 Qd8 16. a3 Nbd7 17. Rd1 {0-1 (47) Skierus,A (1917)-Juknis,P (2161) Plateliai 2014}) 11... a5 12. a3 O-O 13. e4 Qc7 14. Kb1 Nbd7 15. Rc1 Rfb8 16. e5 Ne8 17. f4 Qb6 18. Qa2 Nc7 19. Be3 Nd5 20. Nxd5 cxd5 21. a4 Rd8 22. f5 exf5 23. Qxd5 Nf6 24. Qf3 Nd5 25. Qxf5 g6 (25... Qe6 $16 {keeps fighting.} 26. Qe4 Rac8) 26. Qd3 Qe6 27. Qb3 Rac8 28. Rxc8 Rxc8 29. Rc1 Rxc1+ 30. Bxc1 Qf5+ (30... Nb4 $16 {was worth a try.} 31. Qxe6 fxe6) 31. Bd3 Qf3 32. Bc4 Qe4+ 33. Qd3 Qh1 34. Qb3 Qe4+ 35. Qd3 Qh1 36. Bb3 Nb4 37. Qe3 Nd5 38. Qe2 Nb4 $18 (38... Kg7 {was necessary.} 39. Qc4 Bg5 40. Qxd5 Qxc1+ 41. Ka2 Qf4 42. Qxb7 Qxd4) 39. Qc4 Qf3 40. Ka1 Qxf2 41. e6 f5 42. Qc8+ Kg7 43. Qe8 Qh4 44. Qf7+ Kh8 45. d5 Qf6 46. d6 Qxf7 47. exf7 Bxd6 48. Bf4 1-0

[Event "AICF Women GM 2018"]
[Site "Mumbai"]
[Date "2018.06.17"]
[Round "9"]
[White "Aakanksha Hagawane"]
[Black "Divya Deshmukh"]
[Result "1-0"]
[ECO "C02"]
[WhiteElo "2297"]
[BlackElo "2138"]
[Annotator "NA"]
[PlyCount "83"]
[EventDate "2018.??.??"]
[EventType "tourn"]
[EventCountry "IND"]
[SourceTitle "playchess.com"]
[Source "ChessBase"]
[SourceQuality "1"]
[TimeControl "40/5400+30:1800+30"]

1. e4 e6 2. d4 d5 3. e5 c5 4. c3 Nc6 5. Nf3 Bd7 6. a3 f6 7. Bd3 fxe5 8. dxe5 {[%emt 0:00:41] LiveBook: 24 Games} (8. Nxe5 $5 Nf6 9. Nxd7 Qxd7 10. Be3 $11) 8... Qc7 {[%emt 0:00:13] C02: French: Advance Variation} 9. Bf4 Nge7 (9... O-O-O 10. Nbd2 h6 11. h4 Be8 12. h5 c4 13. Bc2 Qf7 14. Bg6 Qd7 15. Bxe8 Rxe8 16. b3 {1-0 (44) Penzold,A (2387)-Berger,S (2407) Germany 2016}) 10. O-O g6 11. Re1 Bg7 12. h4 $146 ({Predecessor:} 12. Nbd2 Rf8 13. Bg3 Nf5 14. c4 d4 15. Bf4 Nh4 16. g3 Nxf3+ 17. Nxf3 {1-0 (24) Daoudi,K (2165)-Andersen,D (1884) Caleta 2012}) 12... O-O-O 13. Nbd2 Rdf8 14. Bh2 c4 15. Bc2 h6 {[%emt 0:00:40] [#]} 16. b3 $1 cxb3 17. Nxb3 g5 18. Nbd4 (18. Nc5 $16) 18... g4 {[%emt 0:20:22] [#]} (18... Nxd4 $11 19. Nxd4 Kb8) 19. Nb5 $1 Qb8 (19... Qd8 $16 20. Nfd4 (20. Nd6+ Kb8 $14) 20... Nxd4 21. Nd6+ (21. Nxd4 h5 $11) (21. Nxa7+ Kb8 $15) 21... Kb8 22. Qxd4 h5) 20. Nd6+ Kd8 21. Nd4 h5 22. Rb1 b6 23. Nxc6+ Bxc6 24. c4 Qa8 25. Qd4 Nc8 26. cxd5 Bxd5 27. Nxc8 (27. Ba4 $142) 27... Qxc8 28. Bb3 Ke7 29. Bxd5 exd5 30. Qb4+ Kf7 31. e6+ Kg6 32. Rbc1 Qe8 33. Rc7 Rf5 34. Rxg7+ Kxg7 35. Be5+ Kg6 36. Bxh8 Qxh8 37. e7 Qe8 38. Qd6+ Kg7 39. Qe6 Rf7 40. Re5 Rf4 41. Rg5+ Kh7 42. Qe5 1-0

[Event "AICF Women GM 2018"]
[Site "Mumbai"]
[Date "2018.06.17"]
[Round "9"]
[White "Monnisha G K"]
[Black "Vo, Thi Kim Phung"]
[Result "1/2-1/2"]
[ECO "C11"]
[WhiteElo "2295"]
[BlackElo "2376"]
[Annotator "NA"]
[PlyCount "101"]
[EventDate "2018.??.??"]
[EventType "tourn"]
[EventCountry "IND"]
[SourceTitle "playchess.com"]
[Source "ChessBase"]
[SourceQuality "1"]
[TimeControl "40/5400+30:1800+30"]

1. e4 e6 2. d4 d5 3. Nc3 Nf6 4. e5 Nfd7 5. f4 c5 6. Be3 Nc6 7. Nf3 Be7 8. Qd2 b6 {[%emt 0:00:49] C11: French: Classical System: 4 e5 and 4 Bg5 dxe4} 9. Be2 {[%emt 0:01:34] LiveBook: 37 Games} (9. Bb5 Qc7 10. O-O-O a6 11. Bxc6 Qxc6 12. f5 c4 13. f6 gxf6 14. exf6 Bxf6 15. Rhf1 b5 16. Qf2 {1-0 (30) Caruana,F (2804)-Akobian,V (2647) Saint Louis 2018}) 9... Bb7 10. O-O O-O 11. Nd1 cxd4 12. Nxd4 Nc5 13. Nf2 Ne4 14. Nxe4 dxe4 15. Nxc6 $146 ({Predecessor:} 15. Rad1 Nxd4 16. Bxd4 {½-½ (57) Abdumalik,Z (2449)-Vo,T (2380) Riadh 2017}) 15... Bxc6 16. Rfd1 Qc8 17. Bc4 Rd8 18. Qe2 Qc7 19. Kf2 g6 (19... b5 $5 20. Bxb5 Bxb5 21. Qxb5 Qxc2+ 22. Qe2 Qc6 $11) 20. g3 Bd5 (20... b5 $15 21. Bb3 a5) 21. Bxd5 exd5 22. Bd4 Rac8 23. c3 Qc6 24. Qa6 Rd7 25. a4 Rcc7 26. a5 b5 (26... Bc5 $11 {remains equal.}) 27. Qxc6 Rxc6 28. a6 Bd8 29. Rd2 Kf8 30. g4 f6 31. exf6 Bxf6 32. Ra5 Be7 33. Rxb5 Rxa6 $16 34. Be5 Rb6 35. Rxb6 axb6 36. c4 Bc5+ 37. Bd4 Bb4 38. Rc2 Rc7 39. Bxb6 Rxc4 40. Rxc4 dxc4 41. Ke3 c3 42. bxc3 Bxc3 43. Kxe4 Be1 44. Ke5 Kf7 45. f5 Bc3+ 46. Bd4 Ba5 47. h3 Bc7+ 48. Ke4 Bd6 49. Be5 Bb4 50. Kf4 Bd2+ 51. Ke4 1/2-1/2

[Event "AICF Women GM 2018"]
[Site "Mumbai"]
[Date "2018.06.17"]
[Round "9"]
[White "Vantika Agrawal"]
[Black "Tokhirjonova, Gulrukhbegim"]
[Result "1-0"]
[ECO "A06"]
[WhiteElo "2279"]
[BlackElo "2379"]
[Annotator "NA"]
[PlyCount "95"]
[EventDate "2018.??.??"]
[EventType "tourn"]
[EventCountry "IND"]
[SourceTitle "playchess.com"]
[Source "ChessBase"]
[SourceQuality "1"]
[TimeControl "40/5400+30:1800+30"]

1. Nf3 d5 2. g3 Bg4 3. Bg2 c6 4. c4 e6 5. O-O Nd7 6. cxd5 exd5 7. d3 Ngf6 8. Nc3 Be7 9. Qc2 O-O 10. e4 Nc5 {[%emt 0:11:57] A11: Reti-Eröffnung} 11. h3 (11. Ne5 Be6 12. Kh1 Nfd7 13. Nf3 Nb6 14. Rd1 Rc8 15. Nd4 Bg4 16. f3 Bd7 17. Be3 g6 18. Qf2 {½-½ (50) Rapport,R (2693)-Duda,J (2658) Reykjavik 2015}) 11... Bxf3 12. Bxf3 dxe4 13. dxe4 Qd3 14. Qxd3 Nxd3 {[%emt 0:01:10] LiveBook: 4 Games} 15. Be3 Nxb2 $146 ({Vorgänger:} 15... Bc5 16. Rad1 Rfd8 17. Bxc5 Nxc5 18. Bg2 {1-0 (52) Dastan,B (2432)-Citak,S (2340) Kocaeli 2014}) 16. Rfb1 Nc4 17. Rxb7 Ba3 18. Bc1 Bc5 19. Bf4 Rfd8 20. Rc1 Na5 21. Rbb1 Ba3 22. Rd1 h6 23. Rxd8+ Rxd8 24. Be2 Rd7 25. Rb8+ Kh7 26. e5 Ng8 27. Ne4 Ne7 28. Nd6 Ng6 29. Bd3 f6 30. e6 Rxd6 31. e7 Rxd3 32. e8=Q Rd1+ 33. Kg2 Nxf4+ 34. gxf4 Rd5 35. f5 Rxf5 36. Qe4 Kg6 37. h4 h5 38. Rb1 Bc5 39. f3 Bb6 40. Rh1 Nb7 41. Qe8+ Kh6 $18 42. Qd7 Rb5 43. Qxb7 Rb2+ 44. Kh3 Rc2 45. Rh2 Rc3 46. Rg2 g5 47. hxg5+ fxg5 48. Rxg5 1-0

[Event "AICF Women GM 2018"]
[Site "Mumbai"]
[Date "2018.06.17"]
[Round "9"]
[White "Srija, Seshadri"]
[Black "Zozulia, Anna"]
[Result "1-0"]
[ECO "B06"]
[WhiteElo "2207"]
[BlackElo "2314"]
[Annotator "NA"]
[PlyCount "59"]
[EventDate "2018.??.??"]
[EventType "tourn"]
[EventCountry "IND"]
[SourceTitle "playchess.com"]
[Source "ChessBase"]
[SourceQuality "1"]
[TimeControl "40/5400+30:1800+30"]

1. e4 g6 2. d4 Bg7 3. Nc3 d6 4. f4 a6 {[%emt 0:00:11] LiveBook: 1138 Games} 5. Nf3 e6 {[%emt 0:01:54] B06: Modern Defence} (5... b5 6. Bd3 Nd7 7. e5 c5 8. Be4 Rb8 9. O-O cxd4 10. Nxd4 dxe5 11. Nc6 Qb6+ 12. Kh1 Ngf6 13. Nxb8 Qxb8 14. fxe5 Nxe4 15. Nxe4 Qxe5 {½-½ (37) Cornette,M (2611)-Nakamura,H (2781) chess.com INT 2018}) 6. a4 Ne7 7. Be2 Nd7 8. O-O b6 9. Be3 Bb7 10. g4 $146 ({Predecessor:} 10. Nd2 O-O 11. Bf3 d5 12. e5 {0-1 (83) Uzumcu,A (2223)-Ozen,B (2315) Kocaeli 2017}) 10... h5 11. g5 c6 12. Nh4 c5 13. f5 {[%emt 0:11:55] [#]} (13. d5 $14 {keeps the upper hand.}) 13... exf5 (13... Nxf5 $1 $17 14. Nxf5 gxf5) 14. exf5 Bxd4 15. Bxd4 cxd4 16. Qxd4 Ne5 17. Ne4 Bxe4 18. Qxe4 Qc8 19. fxg6 fxg6 20. Rf6 Ra7 21. Rd1 Qc5+ 22. Kh1 Nf7 23. Re6 Kd8 24. Nxg6 Nxg6 25. Qxg6 Qc6+ 26. Kg1 Qc5+ 27. Kf1 $18 Kc8 28. Rf6 Nxg5 29. Rdxd6 Rc7 30. Rc6 1-0

[Event "AICF Women GM 2018"]
[Site "Mumbai"]
[Date "2018.06.18"]
[Round "10"]
[White "Tokhirjonova, Gulrukhbegim"]
[Black "Aakanksha Hagawane"]
[Result "1/2-1/2"]
[ECO "A50"]
[WhiteElo "2379"]
[BlackElo "2297"]
[Annotator "NA RC"]
[PlyCount "80"]
[EventDate "2018.??.??"]
[EventType "tourn"]
[EventCountry "IND"]
[SourceTitle "playchess.com"]
[Source "ChessBase"]
[SourceQuality "1"]
[TimeControl "40/5400+30:1800+30"]

1. d4 Nf6 2. c4 Nc6 3. Nf3 e6 4. a3 d6 5. Nc3 g6 6. e4 Bg7 7. Be2 O-O 8. O-O Re8 {[%emt 0:01:21] E10: Blumenfeld Gambit} 9. h3 (9. d5 exd5 10. cxd5 Ne7 11. Bf4 c6 12. Re1 cxd5 13. exd5 Nf5 14. Qb3 Nd7 15. Bb5 Rxe1+ 16. Rxe1 {1-0 (36) Krasenkow,M (2630)-Jones,G (2660) Porticcio 2017}) 9... e5 10. dxe5 dxe5 11. Be3 {[%emt 0:02:19] LiveBook: 7 Games} Qe7 (11... Nh5 $11) 12. Rc1 $146 ({Predecessor:} 12. Re1 $16 Be6 13. Nd5 Bxd5 14. exd5 Nb8 15. c5 e4 16. Nh2 {1-0 (24) Cvitan,O (2491)-Tomazini,Z (2414) Tallinn 2016}) 12... Nd4 $1 13. Nxd4 exd4 14. Bxd4 Nxe4 15. Nd5 Qd8 16. Bf3 c6 17. Bxg7 Kxg7 18. Qd4+ Nf6 19. Qxf6+ Qxf6 20. Nxf6 Kxf6 21. b4 a6 22. a4 Bf5 23. Rfd1 Rad8 24. Rxd8 Rxd8 25. b5 axb5 26. cxb5 cxb5 27. axb5 Rd7 28. Ra1 Bd3 29. Ra7 Bxb5 30. Rxb7 Rxb7 31. Bxb7 h5 32. h4 Bc4 33. Kh2 Be6 34. Kg3 Ke5 35. Bc6 Kd6 36. Be8 Ke5 37. Ba4 Bd5 38. Be8 Be6 39. Bc6 $11 Kd6 40. Be8 Ke5 1/2-1/2

[Event "AICF Women GM 2018"]
[Site "Mumbai"]
[Date "2018.06.18"]
[Round "10"]
[White "Vo, Thi Kim Phung"]
[Black "Vantika Agrawal"]
[Result "1-0"]
[ECO "E92"]
[WhiteElo "2376"]
[BlackElo "2279"]
[Annotator "NA"]
[PlyCount "145"]
[EventDate "2018.??.??"]
[EventType "tourn"]
[EventCountry "IND"]
[SourceTitle "playchess.com"]
[Source "ChessBase"]
[SourceQuality "1"]
[TimeControl "40/5400+30:1800+30"]

1. d4 Nf6 2. c4 g6 3. Nc3 Bg7 4. e4 d6 5. Nf3 O-O 6. Be2 e5 7. Be3 Ng4 8. Bg5 f6 9. Bh4 Nc6 10. d5 Ne7 11. h3 {[%emt 0:07:19] E92: King's Indian: Classical: 6 Be2 e5: 7 dxe5, 7 Be3 and Petrosian System without 7...Nbd7} (11. O-O g5 12. Bg3 h5 13. Nd2 f5 14. exf5 Nxf5 15. Nde4 Ngh6 16. Bxh5 g4 17. Bg6 Ne7 18. Bh5 Nef5 19. Bg6 Ne7 20. Bh5 Nef5 {½-½ (20) Ibrahimov,R (2518)-Amin,B (2689) Riadh 2017}) 11... Nh6 12. Qd2 Nf7 13. O-O Bh6 $146 ({Predecessor:} 13... g5 14. Bg3 Ng6 15. Rfe1 Nf4 16. Bd1 Nh6 17. Rb1 Kh8 18. Bxf4 gxf4 {½-½ (30) Rimsans,A (2067)-Gierden,H (2287) ICCF email 2016}) 14. Qc2 g5 15. Bg3 f5 16. exf5 Nxf5 17. Bd3 Nh8 18. Bh2 Ng6 19. Be4 g4 (19... Nf4 $11) 20. hxg4 Nfh4 (20... Nfe7 $16) 21. Nxh4 Nxh4 22. Qe2 Qg5 23. f3 Bg7 24. Qd3 Ng6 25. Bxg6 hxg6 26. Ne4 Qe7 27. Bg3 Bh6 28. Rae1 Bd7 29. Nf2 Kg7 30. Nh3 Rae8 31. Re4 Qf6 32. Qc3 c6 (32... Kg8 $16 33. Nf2 c6) 33. Qa3 cxd5 34. cxd5 Bb5 35. Rd1 a6 36. Qb4 Rf7 37. Be1 Rc8 38. Bc3 Kg8 39. f4 Bf8 40. Qb3 Re8 41. Ng5 Bh6 42. Nxf7 Bxf4 43. Bd2 Bxd2 44. Rxd2 Qf1+ 45. Kh2 Qxf7 $18 46. a4 Bd7 47. Qxb7 g5 48. Kg1 Rf8 49. Qxa6 Kg7 50. Qe2 Qg6 51. Rc2 Be8 52. Rc3 Bf7 53. Qd3 Rh8 54. Re3 Qf6 55. Rf3 Qe7 56. Rh3 Bg6 57. Qe3 Rb8 58. b3 Rb4 59. Rc4 Rb8 60. b4 Bf7 61. Qd3 Bg6 62. Qc3 Qa7+ 63. Kh2 Rb7 64. a5 Rf7 65. Qe3 Qe7 66. a6 Rf4 67. a7 Qf8 68. Rxf4 gxf4 69. Qb6 f3 70. Rxf3 Qh8+ 71. Kg1 Be4 72. Qb7+ Kg6 73. a8=Q 1-0

[Event "AICF Women GM 2018"]
[Site "Mumbai"]
[Date "2018.06.19"]
[Round "11"]
[White "Vantika Agrawal"]
[Black "Zozulia, Anna"]
[Result "1-0"]
[ECO "E62"]
[WhiteElo "2279"]
[BlackElo "2314"]
[Annotator "ChessBase"]
[PlyCount "139"]
[EventDate "2018.??.??"]
[EventType "tourn"]
[EventCountry "IND"]
[SourceTitle "playchess.com"]
[Source "ChessBase"]
[SourceQuality "1"]
[TimeControl "40/5400+30:1800+30"]

1. Nf3 Nf6 2. g3 g6 3. Bg2 Bg7 4. O-O O-O 5. d4 d6 6. c4 c6 7. Nc3 Qa5 8. e4 e5 9. h3 Nbd7 10. Re1 exd4 11. Nxd4 Re8 12. Be3 a6 13. Nb3 Qc7 14. c5 dxc5 15. Nxc5 Ne5 16. Qe2 b6 17. Nd3 Nxd3 18. Qxd3 Bb7 19. b4 Rad8 20. Qc2 c5 21. bxc5 Nd7 22. Rab1 Nxc5 23. Nd5 Bxd5 24. exd5 Be5 25. h4 Qd6 26. Qd2 h5 27. Rec1 Rc8 28. Rc2 Rc7 29. Rbc1 Rec8 30. Qb4 Kg7 31. Rc4 Kh7 32. Qb1 Kg7 33. a4 a5 34. Qb5 Kh7 35. Rb1 Rb8 36. Kh2 Kg7 37. Bf3 Kh7 38. Kg2 Kg7 39. Rbc1 Rbc8 40. Rb1 Rb8 41. Bd2 Ra7 42. Qc6 Kh7 43. Bc3 Qxc6 44. dxc6 Bxc3 45. Rxc3 Na6 46. Rd1 Nc5 47. Rb1 Na6 48. Be2 Nb4 49. Rd1 Kg7 50. Bb5 Kf6 51. Rd7 Raa8 52. Rf3+ Ke5 53. Rfxf7 Rc8 54. f4+ Ke4 55. Be2 Re8 56. Bf3+ Ke3 57. Rfe7+ Rxe7 58. Rxe7+ Kd4 59. c7 Rc8 60. Bb7 Nd5 61. Bxc8 Nxe7 62. Bd7 Kc5 63. c8=Q+ Nxc8 64. Bxc8 b5 65. axb5 a4 66. Be6 Kxb5 67. Kf3 Kc5 68. Ke4 Kd6 69. Ba2 Ke7 70. Ke5 1-0